 Dungeon Crawl Stone Soup version 0.31.0-4-g52a2dc7128 (console) character file.

Game seed: 1707313344268086195

9681 AlterAsc the Martial Artist (level 11, 0/77 HPs)
             Began as an Octopode Shapeshifter on Jan 22, 2024.
             Was an Elder of Okawaru.
             Slain by a fire dragon (12 damage)
             ... on level 11 of the Dungeon.
             The game lasted 00:37:05 (14879 turns).

AlterAsc the Martial Artist (OpSh)                 Turns: 14879, Time: 00:37:06

Health: 0/77       AC:  1    Str: 13    XL:     11   Next: 50%
Magic:  11/13      EV: 24    Int: 14    God:    Okawaru [****..]
Gold:   571        SH:  0    Dex: 15    Spells: 10/10 levels left

rFire   . .          .
                       - Unarmed
rCold   . . .        (shield currently unavailable)
rNeg    . . .        (helmet restricted)
rPois   +            n - amulet of the acrobat
rElec   .            j - ring of poison resistance
rCorr   .            q - ring of willpower
SInv    .            y - +4 ring of slaying
Will    +....        (no ring)
Stlth   ++           (no ring)
HPRegen 0.32/turn    (no ring)
MPRegen 0.13/turn    (no ring)
                     (no ring)

%: acrobat
@: about to teleport, flux-form, heroic, hasted, glowing, very quick
A: glow, contaminating, almost no armour, amphibious, 8 rings, camouflage 1,
gelatinous body 1, (nimble swimmer 1), tentacles
a: Begin Untransformation, Renounce Religion, Heroism, Finesse


You were on level 11 of the Dungeon.
You worshipped Okawaru.
Okawaru was greatly pleased with you.
You were something dangerously unstable.
You visited 2 branches of the dungeon, and saw 12 of its levels.
You also visited: Sewer.

You collected 571 gold pieces.

Inventory:

Missiles
 C - 4 throwing nets (quivered)
Jewellery
 j - a ring of poison resistance (left tentacle)
 n - an amulet of the acrobat (around mantle)
 q - a ring of willpower (right tentacle)
 w - an amulet of faith
 y - a +4 ring of slaying (on tentacle)
 J - a ring of fire
Talismans
 b - a beast talisman
 c - a flux talisman (active)
Wands
 t - a wand of polymorph (8)
 x - a wand of digging (8)
 E - a wand of flame (42)
 F - a wand of light (8)
Scrolls
 e - a scroll of vulnerability
 f - 2 scrolls of enchant armour
 k - a scroll of noise {unknown}
 o - a scroll of immolation {unknown}
 p - 4 scrolls of enchant weapon
 r - a scroll of fog
 A - 3 scrolls of revelation
 I - a scroll of fear {unknown}
Potions
 a - a potion of lignification
 d - a potion of brilliance {unknown}
 g - 2 potions of might
 h - a potion of resistance {unknown}
 l - 2 potions of berserk rage {unknown}
 m - 3 potions of haste
 s - a potion of mutation {unknown}
 u - a potion of attraction {unknown}
 v - a potion of enlightenment {unknown}
 z - 2 potions of curing {unknown}
 B - 3 potions of heal wounds {unknown}
 D - a potion of ambrosia {unknown}
 G - a potion of degeneration {unknown}
 H - a potion of invisibility {unknown}


   Skills:
 + Level 8.2(13.2) Fighting
 + Level 8.5(13.5) Dodging
 + Level 10.9(15.9) Unarmed Combat
 - Level 3.0 Invocations
 + Level 8.1 Shapeshifting


You had 10 spell levels left.
You didn't know any spells.
Your spell library contained the following spells:

 Spells                   Type           Power      Damage    Failure   Level
 Apportation              Tloc           0%         N/A       28%         1
 Necrotise                Necr           0%         1d4       28%         1
 Sting                    Conj/Alch      0%         1d3       28%         1
 Jinxbite                 Hex            0%         N/A       41%         2
 Fugue of the Fallen      Necr           0%         N/A       65%         3
 Hailstorm                Conj/Ice       0%         3d5       65%         3
 Inner Flame              Hex/Fire       0%         N/A       65%         3
 Ozocubu's Armour         Ice            0%         N/A       65%         3
 Flame Wave               Conj/Fire      0%         2d4       96%         4
 Fulminant Prism          Conj/Alch      0%         3d5       96%         4
 Manifold Assault         Tloc           0%         N/A       96%         4
 Sticky Flame             Fire/Alch      0%         2d4       96%         4
 Vhi's Electric Charge    Tloc/Air       0%         N/A       96%         4
 Arcjolt                  Conj/Air       0%         1d10      100%        5
 Irradiate                Conj/Alch      0%         3d11      100%        5
 Yara's Violent Unravell  Hex/Alch       0%         3d3       100%        5
 Enfeeble                 Hex            0%         N/A       100%        7
 Ignition                 Fire           0%         3d3       100%        8
 Lehudib's Crystal Spear  Conj/Erth      0%         10d2      100%        8
 Maxwell's Capacitive Co  Air            0%         ∞         100%        8
 Summon Small Mammal      Summ           Unusable   N/A       N/A         1
 Call Canine Familiar     Summ           Unusable   N/A       N/A         3
 Summon Ice Beast         Ice/Summ       Unusable   N/A       N/A         3
 Summon Blazeheart Golem  Fire/Summ      Unusable   N/A       N/A         4
 Summon Mana Viper        Hex/Summ       Unusable   N/A       N/A         5
 Monstrous Menagerie      Summ           Unusable   N/A       N/A         7

Dungeon Overview and Level Annotations

Branches:
Dungeon (11/15)            Temple (0/1) D:4            Lair (0/5) D:10
    Orc (1/2) D:9           Sewer (visited)

Altars:
Ashenzari
Cheibriados
Fedhas
Gozag
Makhleb
Okawaru
Ru
Vehumet
Zin

Shops:
D:5 *

Annotations:
D:11 Fannar


Innate Abilities, Weirdness & Mutations

You are something dangerously unstable.
You glow with magical radiation, making you easy to see and hit.
Foes you strike become dangerously contaminated with magical radiation.
You are incapable of wielding weapons or throwing items.
You cannot wear most types of armour.
You are amphibious.
You can wear up to eight rings at the same time.
Your skin changes colour to match your surroundings (Stealth+).
Your rubbery body absorbs attacks. (AC +1, EV +1)
((You are camouflaged when in or above water. (Stealth+)))
You have tentacles for arms and can constrict up to eight enemies at once.


Message History

Done waiting.
You start waiting.
Done waiting.
The lava snake hisses angrily.
You hear a deafening roar!
You hear a shout!
A centaur comes into view.
The centaur shouts!
The centaur wields a +0 shortbow.
The centaur shoots an arrow.
The arrow completely misses you.
The centaur shoots an arrow.
The arrow hits you. The fire dragon breathes flames at you.
The blast of flame hits you!
The centaur shoots an arrow.
The arrow completely misses you.
You gain the combat prowess of a mighty hero.
You feel yourself speed up. The fire dragon misses you.
The fire dragon closely misses you. The fire dragon tramples you!
You stumble backwards!
You bludgeon the fire dragon!
The fire dragon begins to glow.
The fire dragon is lightly wounded.
You tentacle-slap the fire dragon but do no damage.
The fire dragon glows dangerously bright.
You squeeze the fire dragon.
The fire dragon is lightly wounded.
The fire dragon bites you. The fire dragon claws you!
The fire dragon tramples you but does no damage.
You tentacle-slap the fire dragon but do no damage.
The fire dragon shudders as magic cascades through it!!
The fire dragon twists and deforms.
The fire dragon is heavily wounded.
You bludgeon the fire dragon!
The fire dragon begins to glow.
You squeeze the fire dragon, but do no damage.
The fire dragon is heavily wounded.
The fire dragon breathes flames at you. The blast of flame hits you!!
* * * LOW HITPOINT WARNING * * *
Okay, then.
As you read the scroll of teleportation, it crumbles to dust.
You feel strangely unstable.
You bludgeon the fire dragon!
The fire dragon glows dangerously bright.
The fire dragon is severely wounded.
The fire dragon bites you!
You die...

........## #.. .........#
##. .(.......## #.. #c.
........≈≈§§≈...## #.. #..
......≈≈≈≈≈≈##...###.. #...
....≈≈≈#####.##..##.. #...
...≈≈≈≈#.##.##≈≈.##.. #....
#(.≈≈≈ #...##≈≈§....#
≈#....##.≈≈ #.###≈§≈≈≈.#.#
.........######.#≈§§§≈§§§#..
#..cDp..(.#§§§≈≈§§§###
##.######.#§§§§§≈§.#
#.§§≈≈S#.#####§§≈.#
#..≈§≈≈#.. #§≈..#
##.§D≈≈#.#. #§≈.##
.§≈§§###.# #.§§≈§§ # $...≈≈
....§.


You could see a fire dragon (heavy contam, misshapen) and a centaur.

Vanquished Creatures
  A two-headed ogre (D:8)
  A cyclops (D:11)
  A manticore (D:11)
  A gargoyle (D:10)
  Jeremiah (D:6)
  A komodo dragon (D:10)
  2 trolls
  A hornet (D:8)
  Grinder (D:4)
  15 yaks
  A shadow (D:9)
  3 wyverns (D:8)
  3 steam dragons
  A basilisk (D:10)
  Menkaure (D:6)
  An acid dragon (D:9)
  Duvessa (D:4)
  4 orc warriors
  2 sky beasts (D:7)
  An ogre (D:5)
  6 centaurs
  4 bullfrogs
  4 scorpions
  5 wights (D:7)
  Dowan (D:4)
  A howler monkey (D:4)
  3 hounds
  3 jellies
  3 gnoll boudas
  3 orc priests
  2 sleepcaps (D:7)
  5 iguanas
  Natasha (thrice) (D:2)
  9 orc wizards
  14 gnolls
  6 adders
  A white imp (D:5)
  2 ufetubi (D:5)
  2 dart slugs
  2 ribbon worms
  30 orcs
  8 ball pythons
  3 bats
  8 endoplasms
  A giant cockroach (D:3)
  10 goblins
  5 hobgoblins
  13 kobolds
  5 quokkas
  3 frilled lizards
  8 rats
216 creatures vanquished.

Notes
Turn   | Place    | Note
-------+----------+-------------------------------------------
     0 | D:1      | AlterAsc the Octopode Shapeshifter began the quest for the
                  | Orb.
     0 | D:1      | Reached XP level 1. HP: 13/13 MP: 1/1
    78 | D:1      | Reached XP level 2. HP: 18/18 MP: 2/2
   354 | D:1      | Reached skill level 4 in Unarmed Combat
   413 | D:1      | Reached XP level 3. HP: 23/23 MP: 3/3
   820 | D:2      | Found a faded altar of an unknown god.
  1103 | D:2      | Noticed Natasha
  1297 | D:3      | Found a glowing drain.
  1437 | D:3      | Reached XP level 4. HP: 27/28 MP: 4/4
  1621 | Sewer    | Entered a sewer
  1660 | Sewer    | Reached skill level 5 in Unarmed Combat
  1849 | Sewer    | Reached XP level 5. HP: 29/33 MP: 5/5
  1905 | Sewer    | Noticed Pargi
  2327 | D:4      | Noticed Dowan
  2328 | D:4      | Noticed Duvessa
  2474 | D:2      | Killed Natasha
  2475 | D:2      | Reached skill level 6 in Unarmed Combat
  2825 | D:2      | Noticed Natasha
  2833 | D:2      | Killed Natasha
  2856 | D:2      | Noticed Natasha
  2859 | D:2      | Killed Natasha
  2860 | D:2      | Reached XP level 6. HP: 34/38 MP: 6/6
  2896 | D:2      | Found a faded altar of an unknown god.
  3118 | D:4      | Noticed Grinder
  3120 | D:4      | Paralysed by Grinder for 4 turns
  3387 | D:5      | Entered Level 5 of the Dungeon
  3496 | D:5      | Reached skill level 7 in Unarmed Combat
  3507 | D:5      | Found Qetuij's Assorted Antiques.
  4122 | D:5      | Found an opulent altar of Gozag.
  4143 | D:5      | Found a burning altar of Makhleb.
  4577 | D:6      | Reached XP level 7. HP: 38/43 MP: 7/7
  4622 | D:6      | Found a broken altar of Ashenzari.
  4775 | D:6      | Noticed Jeremiah
  4952 | D:6      | Found a sacrificial altar of Ru.
  4977 | D:6      | Identified the +1 quarterstaff of Laceration {drain, SInv}
  5124 | D:6      | Found a blossoming altar of Fedhas.
  5139 | D:6      | Reached XP level 8. HP: 43/52 MP: 8/8
  5252 | D:6      | Noticed Menkaure
  5262 | D:6      | Killed Menkaure
  5471 | D:7      | Reached skill level 8 in Unarmed Combat
  5656 | D:7      | Found a radiant altar of Vehumet.
  6240 | D:7      | Found an iron altar of Okawaru.
  6357 | D:7      | Became a worshipper of Warmaster Okawaru
  6414 | D:7      | Reached skill level 5 in Shapeshifting
  6416 | D:7      | Reached XP level 9. HP: 49/59 MP: 9/9
  6697 | D:7      | Reached skill level 5 in Dodging
  6884 | D:8      | Noticed a hornet
  7203 | D:4      | Killed Grinder
  7203 | D:4      | Reached * piety under Okawaru
  7204 | D:4      | Reached skill level 5 in Fighting
  7272 | D:4      | Found a staircase to the Ecumenical Temple.
  7779 | D:4      | Killed Dowan
  7789 | D:4      | Killed Duvessa
  7790 | D:4      | Reached skill level 1 in Invocations
  8642 | D:8      | Noticed a two-headed ogre
  8700 | D:8      | Reached skill level 9 in Unarmed Combat
  9433 | D:8      | Reached XP level 10. HP: 37/68 MP: 12/12
  9784 | D:9      | Found a staircase to the Orcish Mines.
  9865 | D:9      | Reached ** piety under Okawaru
  9996 | D:9      | HP: 1/66 [acid dragon (3)]
 10000 | D:10     | Entered Level 10 of the Dungeon
 10336 | Orc:1    | Entered Level 1 of the Orcish Mines
 10401 | D:8      | Killed a two-headed ogre
 10676 | D:8      | Found a glowing silver altar of Zin.
 10677 | D:8      | Found a snail-covered altar of Cheibriados.
 10811 | D:8      | Reached skill level 10 in Unarmed Combat
 11450 | D:9      | Reached *** piety under Okawaru
 12125 | D:6      | Found a broken altar of Ashenzari.
 12263 | D:6      | Found a blossoming altar of Fedhas.
 12352 | D:6      | Killed Jeremiah
 12549 | D:9      | Reached XP level 11. HP: 50/75 MP: 13/13
 12760 | D:10     | Found a staircase to the Lair.
 13263 | D:10     | Reached **** piety under Okawaru
 14372 | D:11     | Noticed a manticore
 14383 | D:11     | Killed a manticore
 14432 | D:11     | Noticed Fannar
 14533 | D:11     | Got Lom Lobon's Verses on the Missiles
 14582 | D:11     | Noticed a cyclops
 14589 | D:11     | Killed a cyclops
 14603 | D:11     | Noticed a fire dragon
 14879 | D:11     | Slain by a fire dragon

Illustrated notes

Levels and vault maps discovered:
D:1:      doesnt_arrival_eight_statues, layout_basic,
          dreamdust_mushroom_princess, minmay_tiny_reverse_x
D:2:      layout_basic, hellmonk_ecumenical_altar_inner_sanctum,
          roderic_cross_of_infinity, glass_columns_a, uniq_natasha
D:3:      layout_loops_cross, portal_sewer_entry_a, kennysheep_generic_room_9
D:4:      layout_loops_cross, minmay_temple_entry_tees, minivault_5,
          minivault_19, minmay_misc_feat_roman, uniq_grinder, uniq_duvessa
D:5:      layout_basic, lemuel_doored_altar, mainiacjoe_overflow_catwalk,
          serial_shops, nicolae_shop_real_fake_doors
D:6:      layout_rooms, fedhas_bush_and_centaur_altar,
          nicolae_ru_the_path_less_chosen, nicolae_ashenzari_skybound,
          uniq_jeremiah, uniq_menkaure
D:7:      layout_rooms, mainiacjoe_overflow_swirl, grunt_ministairs_13
D:8:      layout_layer_cave, gammafunk_temple_overflow_statue,
          kennysheep_generic_room_11
D:9:      layout_basic, orc_0_dummy
D:10:     layout_basic, david_lair_shrubbed
D:11:     layout_basic, grunt_decor_junction, kennysheep_generic_room_4,
          uniq_fannar
Orc:1:    layout_diamond_mine, einodemon_armed_red_devil_minivault

Skill      XL: |  1  2  3  4  5  6  7  8  9 10 11 |
---------------+----------------------------------+-----
Unarmed Combat | 4 5 6 7 8 9 10 | 10.9
Fighting       | 3 4 5 7 8 |  8.2
Dodging        | 3 4 6 7 8 |  8.5
Shapeshifting  | 4 5 6 7 8 |  8.1
Invocations    | 3 |  3.0

Action                     |  1- 3 |  4- 6 |  7- 9 | 10-12 || total
---------------------------+-------+-------+-------+-------++-------
  Melee: Unarmed           |    80 |    89 |   235 |   245 ||   649
         Tentacles         |    13 |    17 |    72 |    97 ||   199
         Constrict         |    17 |    23 |    52 |    29 ||   121
         Punch             |     1 |     6 |    16 |     1 ||    24
 Invoke: Heroism           |       |       |     1 |     7 ||     8
  Evoke: Wand              |       |       |     1 |       ||     1
    Use: Scroll            |       |     5 |     8 |     4 ||    17
         Potion            |       |       |       |     2 ||     2
   Stab: Sleeping          |    11 |    11 |     5 |       ||    27
         Distracted        |       |       |     1 |       ||     1
 Armour: Skin              |    24 |    42 |   107 |    83 ||   256
  Dodge: Dodged            |    47 |    70 |   149 |   225 ||   491
   Form: Flux              |       |       |       |     1 ||     1
